Map: Proxima Station LE

Players

SpeCiaL - Winner!

  • Race: Terran Terran
  • Spawn Location: 7:00

Neeb

  • Race: Protoss Protoss
  • Spawn Location: 1:00

Event: WCS Valencia 2017

VOD

Have the link to the VOD?

Description

Time

  • Played on: July 15, 2017, 10:03 a.m.
  • Length: 14:02

All games in this series

Show
View Real Time Build Order
Export as new Build Order

SpeCiaL Terran - Winner!

Build Orders: Liberator Opening, Reaper Expand, MMM Bio 

Get SALT Encoding   

  12  0:00  SCV  
  13  0:13  SCV  
  14  0:18  Supply Depot  
  14  0:25  SCV  
  15  0:29  Refinery  
  15  0:39  SCV  
  16  0:44  Barracks  
  16  0:51  SCV  
  17  1:04  SCV  
  18  1:16  SCV  
  19  1:32  Orbital Command, Reaper  
  20  1:45  Command Center  
  20  1:55  Factory  
  20  1:58  SCV  
  21  2:06  Refinery  
  21  2:07  Barracks Reactor  
  21  2:11  SCV  
  22  2:17  Supply Depot  
  22  2:23  SCV  
  23  2:38  SCV  
  23  2:41  Starport  
  24  2:49  Widow Mine x2  
  24  2:50  SCV, Marine  
  30  2:57  Orbital Command  
  30  3:02  SCV  
  30  3:03  Liberator  
  31  3:09  Marine  
  32  3:14  SCV  
  33  3:20  Widow Mine  
  33  3:23  SCV  
  33  3:26  Widow Mine  
  33  3:27  SCV  
  42  3:33  Barracks Tech Lab  
  41  3:35  SCV  
  41  3:39  SCV  
  43  3:41  Supply Depot  
  43  3:47  SCV  
  44  3:51  SCV  
  45  3:59  SCV  
  46  4:03  SCV  
  46  4:06  Marine x2  
  46  4:07  Factory Tech Lab  
  49  4:12  SCV, Raven  
  49  4:15  SCV, Command Center  
  53  4:20  Supply Depot  
  53  4:24  SCV  
  54  4:29  Supply Depot  
  54  4:37  Marine x2  
  54  4:41  Siege Tank, SCV x2  
  54  4:42  Supply Depot  
  59  4:51  Barracks  
  59  4:53  SCV x2  
  59  4:55  Marine x2, Barracks  
  63  5:05  SCV  
  63  5:06  SCV  
  62  5:13  Siege Tank, Marine x2  
  67  5:15  Refinery  
  67  5:16  Refinery  
  67  5:18  SCV x2  
  67  5:20  Viking  
  71  5:25  Engineering Bay  
  71  5:30  SCV x2, Marine x2  
  71  5:32  Orbital Command  
  73  5:42  SCV x2  
  75  5:44  Supply Depot  
  75  5:48  Marine x3  
  78  5:51  Stimpack  
  78  5:53  Starport Reactor  
  78  5:54  SCV x2  
  78  5:56  Factory Reactor, Terran Infantry Weapons Level 1, Supply Depot  
  80  6:00  Orbital Command  
  78  6:06  Marauder, SCV x2, Marine x2  
  78  6:07  Marauder  
  88  6:18  SCV x2  
  88  6:20  Barracks  
  88  6:22  Barracks  
  88  6:25  Marine x2  
  90  6:28  Marauder x2  
  90  6:29  SCV  
  90  6:30  SCV x2  
  90  6:32  Supply Depot  
  97  6:36  Medivac  
  97  6:37  Medivac  
  97  6:39  Widow Mine  
  103  6:41  SCV  
  103  6:42  SCV  
  103  6:43  Widow Mine  
  107  6:47  SCV  
  107  6:51  Combat Shields, Supply Depot  
  107  6:53  SCV  
  109  6:55  SCV  
  109  6:56  Marine x2  
  109  6:59  SCV  
  109  7:00  Marauder  
  115  7:04  Supply Depot  
  115  7:05  SCV  
  115  7:07  SCV  
  117  7:11  Barracks Tech Lab  
  117  7:12  Medivac x2  
  117  7:13  Barracks Tech Lab  
  121  7:16  SCV  
  121  7:17  SCV  
  121  7:20  Supply Depot  
  123  7:22  Supply Depot  
  123  7:25  Liberator, Marine x2  
  123  7:26  Marauder  
  123  7:27  Liberator, Marauder  
  128  7:31  SCV x2  
  128  7:32  SCV  
  128  7:34  Refinery x2  
  131  7:38  Supply Depot  
  131  7:39  Supply Depot  
  131  7:43  SCV  
  138  7:48  Supply Depot  
  138  7:49  Marine x2  
  138  7:50  Terran Infantry Armor Level 1, Marine, Supply Depot  
  141  7:53  Marauder  
  141  7:55  Supply Depot  
  137  7:58  Factory Reactor  
  137  7:59  Starport  
  140  8:07  Marine x2  
  140  8:09  Marine x2, Concussive Shells  
  141  8:13  Armory  
  141  8:15  Marauder, Marine x2, Supply Depot  
  141  8:16  Engineering Bay  
  141  8:17  Supply Depot  
  145  8:25  Marine x2, Missile Turret  
  145  8:27  Marine x2  
  147  8:30  Viking x2  
  147  8:33  Marauder x2  
  157  8:36  Liberator  
  157  8:44  Marauder, Marine  
  160  8:53  Viking  
  165  8:56  Marine x2  
  165  8:57  Marauder, Marine  
  165  8:59  Liberator x2  
  136  9:10  Marauder, Marine x2  
  136  9:14  Marine x2  
  136  9:15  Marine  
  149  9:18  Marauder  
  149  9:27  Marine  
  149  9:28  Marauder  
  149  9:29  Barracks x2  
  149  9:30  Barracks  
  152  9:32  Marauder, Marine x2  
  152  9:33  Marine  
  157  9:38  Viking x2  
  157  9:40  Marauder  
  160  9:45  Marine  
  160  9:49  Marauder  
  160  9:50  Marine x2  
  160  9:51  Marine  
  164  9:53  Marauder  
  164  9:56  Liberator  
  164  9:57  Liberator  
  156  10:01  Marauder  
  156  10:03  Marine  
  153  10:08  Marine x2  
  153  10:09  Marine  
  153  10:11  Marauder  
  152  10:14  Marauder  
  152  10:17  Liberator  
  152  10:18  Liberator  
  152  10:21  Marine  
  135  10:22  Marauder  
  135  10:25  Marine x2  
  135  10:27  Barracks Reactor x2  
  135  10:28  Marine x2  
  140  10:32  Marauder  
  150  10:36  Marauder  
  150  10:39  Marine  
  153  10:43  Orbital Command, Marine  
  153  10:44  Marauder  
  153  10:47  Marauder  
  158  10:54  Marauder, Marine  
  141  10:57  Marauder  
  127  11:05  Marauder, Marine  
  127  11:08  Marauder  
  127  11:11  Terran Infantry Armor Level 2, Terran Infantry Weapons Level 2  
  126  11:15  Marauder, Marine x4  
  126  11:16  Marine x3  
  135  11:19  Marauder  
  135  11:23  Marine  
  135  11:24  Missile Turret  
  138  11:27  Marauder  
  138  11:29  Marauder  
  142  11:33  Marine x2, Medivac x2  
  142  11:34  Medivac  
  142  11:36  Marine  
  142  11:37  Marauder  
  142  11:39  Medivac  
  155  11:40  Marauder  
  155  11:42  Marine x2  
  155  11:45  Marine, Factory Reactor  
  160  11:47  Marine x2  
  160  11:48  Marauder  
  160  11:49  Refinery  
  160  11:50  Refinery  
  160  11:51  Marauder  
  166  11:58  Marauder  
  166  11:59  Marine x2  
  171  12:01  Marauder, Marine  
  171  12:05  Marine  
  172  12:09  Marauder, Marine  
  172  12:12  Marauder  
  165  12:17  Marine  
  165  12:19  Marauder  
  165  12:20  Marine, Medivac  
  165  12:21  Medivac  
  162  12:23  Marauder, Command Center  
  162  12:26  Marine x2  
  162  12:28  Supply Depot  
  158  12:30  Marine  
  158  12:31  Marauder, Medivac  
  158  12:32  Liberator, Supply Depot  
  158  12:34  Marauder  
  165  12:40  Marine  
  165  12:41  Marauder, Liberator  
  170  12:44  Marauder  
  170  12:48  Marine  
  170  12:49  Marine  
  172  12:52  Marauder  
  172  12:54  Liberator  
  172  12:55  Marauder  
  172  12:58  Marine  
  165  13:02  Marauder  
  167  13:05  Marauder  
  170  13:13  Marauder, Marine  
  170  13:14  Marine  
  170  13:16  Marauder  
  170  13:17  Widow Mine  
  170  13:18  Marine  
  170  13:19  Command Center  
  179  13:24  Marauder, Marine  
  185  13:27  Marauder  
  185  13:31  Marine x2  
  190  13:35  Marauder  
  190  13:38  Marauder  
  192  13:42  Marine  
Show
View Real Time Build Order
Export as new Build Order

Neeb Protoss 

Build Orders: 1 Gate Expand, Colossus Rush 

Get SALT Encoding   

  12  0:00  Probe (Chrono Boost)  
  13  0:11  Probe (Chrono Boost)  
  14  0:17  Pylon  
  14  0:22  Probe (Chrono Boost)  
  15  0:35  Probe (Chrono Boost)  
  16  0:36  Gateway  
  16  0:46  Probe (Chrono Boost)  
  16  0:47  Assimilator  
  17  0:56  Probe (Chrono Boost)  
  18  1:07  Probe (Chrono Boost)  
  19  1:20  Nexus  
  19  1:22  Probe (Chrono Boost)  
  20  1:32  Cybernetics Core  
  20  1:36  Probe (Chrono Boost)  
  21  1:41  Assimilator  
  21  1:47  Probe (Chrono Boost)  
  22  1:51  Pylon  
  22  1:57  Probe (Chrono Boost)  
  23  2:09  Probe (Chrono Boost), Adept (Chrono Boost)  
  23  2:10  Warp Gate  
  26  2:21  Probe  
  27  2:32  Probe (Chrono Boost)  
  27  2:33  Probe (Chrono Boost)  
  27  2:34  Adept  
  31  2:40  Robotics Facility  
  31  2:43  Probe (Chrono Boost)  
  33  2:44  Probe (Chrono Boost)  
  33  2:53  Probe (Chrono Boost)  
  33  2:56  Mothership Core (Chrono Boost)  
  36  3:04  Probe (Chrono Boost)  
  39  3:11  Pylon  
  39  3:14  Probe x2 (Chrono Boost)  
  39  3:17  Gateway  
  41  3:25  Probe x2 (Chrono Boost)  
  43  3:28  Robotics Bay  
  41  3:34  Probe (Chrono Boost)  
  41  3:35  Probe (Chrono Boost)  
  41  3:37  Observer (Chrono Boost)  
  41  3:41  Pylon  
  44  3:44  Probe  
  44  3:47  Probe  
  46  3:55  Probe, Warp Prism (Chrono Boost)  
  48  3:57  Assimilator  
  48  3:58  Pylon  
  48  3:59  Probe  
  48  4:00  Assimilator  
  50  4:05  Probe  
  51  4:11  Probe  
  51  4:16  Probe  
  51  4:22  Disruptor (Chrono Boost)  
  51  4:23  Probe  
  53  4:24  Gravitic Drive (Chrono Boost)  
  53  4:28  Probe  
  57  4:31  Stalker  
  57  4:34  Pylon  
  57  4:35  Probe  
  60  4:40  Probe  
  60  4:43  Stalker  
  62  4:48  Probe  
  62  4:52  Probe  
  61  5:00  Probe  
  61  5:04  Probe  
  62  5:09  Disruptor  
  62  5:10  Stalker x2  
  62  5:12  Probe  
  67  5:17  Probe  
  71  5:26  Probe  
  71  5:27  Gateway, Nexus  
  72  5:29  Pylon, Probe  
  73  5:39  Probe, Pylon  
  73  5:40  Colossus  
  73  5:41  Probe  
  75  5:44  Extended Thermal Lance (Chrono Boost)  
  81  5:50  Pylon  
  81  5:51  Probe  
  81  5:54  Pylon  
  81  5:55  Probe  
  83  6:03  Probe  
  82  6:06  Pylon  
  82  6:07  Probe  
  83  6:11  Sentry, Stalker  
  83  6:15  Probe  
  88  6:19  Probe, Pylon  
  89  6:26  Colossus  
  89  6:27  Probe  
  89  6:30  Stalker  
  93  6:35  Pylon  
  93  6:37  Stalker  
  93  6:38  Stalker  
  102  6:46  Gateway  
  102  6:48  Gateway  
  102  6:54  Stalker  
  102  7:01  Stalker x2  
  102  7:05  Probe x3  
  105  7:17  Probe x2  
  105  7:18  Probe  
  105  7:20  Twilight Council  
  105  7:21  Forge  
  105  7:22  Colossus  
  107  7:29  Probe x2  
  115  7:30  Probe  
  115  7:33  Assimilator  
  116  7:37  Assimilator  
  116  7:41  Probe, Blink  
  116  7:42  Probe x2  
  119  7:50  Pylon  
  119  7:51  Pylon  
  119  7:54  Probe x3  
  119  7:57  Protoss Ground Weapons Level 1 (Chrono Boost)  
  122  8:00  Forge  
  122  8:01  Templar Archives  
  122  8:05  Gateway  
  122  8:09  Photon Cannon  
  122  8:11  Immortal  
  122  8:15  Gateway  
  126  8:24  Nexus  
  126  8:33  Stalker x3  
  132  8:39  Pylon  
  132  8:44  Pylon  
  132  8:45  Stalker, Immortal  
  132  8:46  Stalker  
  136  8:51  Protoss Ground Armor Level 1 (Chrono Boost)  
  137  9:09  Stalker x3  
  140  9:12  Stalker  
  140  9:13  Stalker  
  144  9:20  Immortal  
  146  9:31  Gateway  
  146  9:32  Gateway  
  146  9:34  Zealot x5, Gateway  
  156  9:40  Protoss Ground Weapons Level 2 (Chrono Boost)  
  156  9:43  High Templar x2  
  156  9:45  Pylon  
  160  9:47  Archon  
  128  10:04  Immortal  
  128  10:06  Stalker x5  
  114  10:17  Stalker x2  
  104  10:33  High Templar  
  104  10:34  High Templar x3  
  104  10:35  Zealot  
  114  10:37  Zealot x3, Archon x2  
  114  10:38  Immortal  
  114  10:41  Zealot  
  114  10:42  Zealot  
  126  10:56  Zealot  
  108  11:01  Zealot x4  
  104  11:07  Probe  
  104  11:09  Probe  
  104  11:10  Probe, Colossus  
  104  11:11  Probe  
  106  11:15  Sentry x2  
  106  11:16  High Templar x2  
  106  11:18  Probe  
  120  11:22  Assimilator, Archon  
  120  11:23  Assimilator  
  121  11:29  Probe  
  121  11:30  Probe  
  121  11:32  Photon Cannon  
  123  11:34  Nexus  
  123  11:36  Zealot x4, Protoss Ground Armor Level 2 (Chrono Boost)  
  131  11:41  Stalker  
  131  11:42  Stalker  
  135  11:50  Pylon  
  135  11:54  Stalker x2  
  135  12:01  Stalker  
  137  12:11  Stalker x5  
  117  12:25  Pylon  
  117  12:26  Stalker x2  
  117  12:27  Pylon, Stalker  
  119  12:35  Stalker x4  
  109  12:56  Probe, Colossus  
  109  12:57  Probe  
  109  12:58  Probe x3  
  112  13:07  Probe x2  
  112  13:10  Sentry, High Templar  
  112  13:11  Probe, High Templar  
  112  13:12  Probe x2  
  123  13:17  Archon  
  112  13:45  Zealot x9  
Tags
 
Add a new tag
Caveats
  • Supply blocks, unpowered buildings, or Contaminate may cause inaccurate times.
  • Supply counts are checked every 10 seconds.